 Dungeon Crawl Stone Soup version 0.30.0-29-ga12c61a403 (webtiles) character file.

Game seed: 2250662919918707657

4844 LustLizard the Grappler (level 10, 0/81 HPs)
             Began as a Demigod Transmuter on June 8, 2023.
             Slain by a manticore (4 damage)
             ... on level 9 of the Dungeon.
             The game lasted 00:24:51 (11672 turns).

LustLizard the Grappler (Demigod Transmuter)       Turns: 11672, Time: 00:24:52

Health: 0/81       AC: 12    Str: 25    XL:     10   Next: 5%
Magic:  21/21      EV: 10    Int: 15    God:
Gold:   355        SH:  0    Dex: 11    Spells: 16/19 levels left

rFire   x .          .
                       - Unarmed
rCold   + . .        (no shield)
rNeg    . . .        L - +0 scale mail
rPois   .            K - melded +1 helmet
rElec   .            e - +0 cloak
rCorr   .            g - +0 pair of gloves
SInv    .            j - melded +0 pair of boots
Will    ++...        E - amulet of the acrobat
Stlth   ++           n - +4 ring of protection
HPRegen 0.33/turn    q - ring of Liqudibe {Ice Will+ Str+2 Dex-3 Stlth+}
MPRegen 0.17/turn

%: acrobat
@: appendages, studying Maces & Flails
A: horns 2, talons 2, high MP 1, forlorn, divine attributes
a: End Transformation


You were on level 9 of the Dungeon.
You had temporarily grown beastly horns and talons.
You visited 1 branch of the dungeon, and saw 9 of its levels.
You also visited: Sewer.

You collected 355 gold pieces.

Inventory:

Missiles
 x - 4 throwing nets
Armour
 e - a +0 cloak (worn)
 g - a +0 pair of gloves (worn)
 j - a +0 pair of boots (melded)
 r - a +0 chain mail
 A - a +1 robe of fire resistance
 J - a +1 plate armour of fire resistance
 K - a +1 helmet (melded)
 L - a +0 scale mail (worn)
Jewellery
 n - a +4 ring of protection (left hand)
 q - the ring of Liqudibe (right hand) {Ice Will+ Str+2 Dex-3 Stlth+}
   (You found it on level 3 of the Dungeon)

   [ring of ice]

   It enhances your ice magic.
   Str:       It affects your strength (+2).
   Dex:       It affects your dexterity (-3).
   rF:        It makes you vulnerable to fire.
   rC:        It protects you from cold.
   Will:      It increases your willpower.
   Stlth:     It makes you more stealthy.
 D - a ring of protection from fire
 E - an amulet of the acrobat (around neck)
 G - a ring of willpower
 I - an amulet of reflection
Scrolls
 c - 2 scrolls of blinking
 h - 4 scrolls of teleportation
 l - a scroll of vulnerability {unknown}
 m - a scroll of torment {unknown}
 o - 4 scrolls of identify {unknown}
 p - 4 scrolls of enchant weapon
 s - 2 scrolls of immolation
 y - 2 scrolls of fog {unknown}
 C - a scroll of enchant armour {unknown}
 F - a scroll of amnesia {unknown}
Potions
 b - 3 potions of lignification
 d - a potion of might
 f - 2 potions of mutation {unknown}
 i - 2 potions of invisibility {unknown}
 k - 3 potions of heal wounds {unknown}
 t - 8 potions of curing {unknown}
 u - a potion of flight {unknown}
 v - 3 potions of degeneration {unknown}
 w - a potion of berserk rage {unknown}
 z - 2 potions of ambrosia {unknown}
 B - a potion of brilliance {unknown}
 H - a potion of attraction {unknown}
Miscellaneous
 a - a phantom mirror


   Skills:
 + Level 5.4 Fighting
 * Level 2.1 Armour
 - Level 1.7 Dodging
 - Level 2.4 Stealth
 * Level 8.2 Unarmed Combat
 + Level 5.2 Spellcasting
 - Level 6.0 Transmutations
 * Level 5.0 Evocations


You had 16 spell levels left.
You knew the following spells:

 Your Spells              Type           Power      Damage    Failure   Level
a - Beastly Appendage     Tmut           42%        N/A       3%          1
b - Wereblood             Tmut           21%        N/A       4%          2

Your spell library contained the following spells:

 Spells                   Type           Power      Damage    Failure   Level
 Passwall                 Tmut/Erth      10%        N/A       17%         2
 Spider Form              Tmut/Pois      12%        N/A       32%         3
 Ensorcelled Hibernation  Hex/Ice        10%        N/A       50%         2
 Ice Form                 Ice/Tmut       19%        N/A       73%         4
 Dazzling Flash           Conj/Hex       6%         N/A       75%         3
 Swiftness                Air            3%         N/A       75%         3
 Volatile Blastmotes      Fire/Tloc      6%         2d10      75%         3
 Iskenderun's Mystic Bla  Conj/Tloc      3%         2d3       98%         4
 Starburst                Conj/Fire      1%         6d3       100%        6


Dungeon Overview and Level Annotations

Branches:
Dungeon (9/15)             Temple (0/1) D:4            Lair (0/5) D:8
  Sewer (visited)
    Orc: D:9-12

Shops:
D:4 (   D:6 :

Annotations:
D:6 1 runed translucent door, monsoonserge's ghost, novice DrCj
D:8 exclusion: 2 two-headed ogres
D:9 exclusion: ugly thing


Innate Abilities, Weirdness & Mutations

You have temporarily grown beastly horns and talons.
You have an increased reservoir of magic. (+10% MP)
You shall have no god before yourself.
Your divine heritage dramatically boosts your attributes as you level up.


Message History

Confirm with . or Enter, or press ? or * to list all spells.
You grow a pair of large bovine horns.
Your feet morph into talons.
Your +1 helmet melds into your body.
Your +0 pair of boots melds into your body.
The manticore bites you but does no damage.
The manticore claws you but does no damage.
The manticore claws you!
You barely miss the manticore.
You claw the manticore, but do no damage.
The manticore bites you! The manticore claws you. The manticore claws you!
You closely miss the manticore. Your kick misses the manticore.
The manticore misses you. The manticore barely misses you.
The manticore claws you but does no damage.
You hit the manticore but do no damage.
You claw the manticore, but do no damage.
Your headbutt misses the manticore.
You punch the manticore, but do no damage.
The manticore bites you! The manticore closely misses you.
The manticore claws you!
You hit the manticore.
The manticore is lightly wounded.
The manticore bites you but does no damage.
The manticore claws you. x2
You hit the manticore but do no damage. You claw the manticore.
You headbutt the manticore.
The manticore is moderately wounded.
You barely miss the manticore.
You claw the manticore, but do no damage.
The manticore is moderately wounded.
The manticore bites you but does no damage.
The manticore claws you but does no damage.
The manticore claws you.
* * * LOW HITPOINT WARNING * * *
You punch the manticore!
You headbutt the manticore, but do no damage.
The manticore is heavily wounded.
The manticore bites you!!
* * * LOW HITPOINT WARNING * * *
The manticore claws you.
You die...

........#...........
........#.......H...
........#...........
.......#...........
#.....#.).........
.##.....#.).........
u....?..#...........
........##H#####....
...........@...# .
.##.....##.....##
########......#
#.....+.......#
#.....#.......#
#.....###'#####
#<....#.......#
#.....#.......#
#.....#.......#


You could see a manticore.

Vanquished Creatures
  Grinder (D:6)
  Prince Ribbit (D:4)
  6 yaks
  A shadow (D:6)
  A wyvern (D:8)
  A water moccasin (D:7)
  Duvessa (D:5)
  A sky beast (D:6)
  A black bear (D:6)
  5 ice beasts
  2 centaurs
  2 kobold brigands
  A phantom (D:4)
  6 bullfrogs
  2 gnoll sergeants
  4 scorpions
  Dowan (D:5)
  4 wights
  3 killer bees (D:7)
  2 howler monkeys (D:7)
  A jelly (D:6)
  4 hounds
  2 orc priests
  Crazy Yiuf (D:2)
  2 gnoll boudas
  3 sleepcaps
  An iguana (D:6)
  3 orc wizards
  Robin (D:2)
  19 gnolls
  9 adders
  2 shadow imps (D:5)
  A white imp (D:7)
  2 ufetubi
  2 worms
  2 dart slugs
  12 orcs
  7 bats
  2 endoplasms
  15 giant cockroaches
  14 goblins
  18 hobgoblins
  6 jackals
  18 kobolds
  8 quokkas
  18 ball pythons
  12 frilled lizards
  5 rats
236 creatures vanquished.

Notes
Turn   | Place    | Note
-------+----------+-------------------------------------------
     0 | D:1      | LustLizard the Demigod Transmuter began the quest for the
                  | Orb.
     0 | D:1      | Reached XP level 1. HP: 15/15 MP: 5/5
     0 | D:1      | Noticed an orb of fire
     0 | D:1      | Noticed an orb of fire
     1 | D:1      | Noticed a shadow dragon
     2 | D:1      | Noticed an ice dragon
     4 | D:1      | Noticed a large abomination
     6 | D:1      | Noticed an ice dragon
     8 | D:1      | Noticed an iron dragon
     9 | D:1      | Noticed an ice dragon
    11 | D:1      | Noticed a white draconian
    11 | D:1      | Noticed a shadow dragon
    13 | D:1      | Noticed a large abomination
    13 | D:1      | Noticed a red draconian
    15 | D:1      | Noticed an ice dragon
    15 | D:1      | Noticed a large abomination
    17 | D:1      | Noticed a white draconian
    17 | D:1      | Noticed a tentacled monstrosity
    17 | D:1      | Noticed a shadow dragon
    19 | D:1      | Noticed a shadow dragon
    21 | D:1      | Noticed an ice dragon
    81 | D:1      | Reached skill level 1 in Fighting
   214 | D:1      | Reached XP level 2. HP: 22/23 MP: 5/7
   218 | D:1      | Learned a level 2 spell: Wereblood
   283 | D:1      | Reached skill level 3 in Unarmed Combat
   931 | D:2      | Noticed Robin
   938 | D:1      | Reached XP level 3. HP: 25/28 MP: 4/8
   941 | D:1      | Reached skill level 1 in Stealth
  1614 | D:2      | Killed Robin
  1624 | D:2      | Reached XP level 4. HP: 30/35 MP: 4/9
  1856 | D:2      | Found a runed translucent door.
  1857 | D:2      | Noticed Crazy Yiuf
  2282 | D:3      | Identified the ring of Liqudibe {Ice Will+ Str+2 Dex-3
                  | Stlth+}
  2710 | D:4      | Noticed a phantom
  2726 | D:4      | Killed a phantom
  2727 | D:4      | Reached XP level 5. HP: 38/41 MP: 11/11
  2752 | D:4      | Found a staircase to the Ecumenical Temple.
  2966 | D:4      | Found Kaopp's Antique Weapon Boutique.
  3019 | D:4      | Reached skill level 4 in Unarmed Combat
  3019 | D:4      | Reached XP level 6. HP: 48/48 MP: 8/12
  4162 | D:5      | Entered Level 5 of the Dungeon
  4162 | D:5      | Noticed Prince Ribbit
  4510 | D:5      | Reached XP level 7. HP: 53/56 MP: 14/14
  4543 | D:5      | Noticed Duvessa
  5175 | D:2      | Killed Crazy Yiuf
  5176 | D:2      | Reached skill level 5 in Unarmed Combat
  5657 | D:5      | Noticed Dowan
  5670 | D:5      | Killed Duvessa
  5673 | D:5      | Killed Dowan
  6023 | D:6      | Found a runed translucent door.
  6233 | D:6      | Found Atrar's Book Boutique.
  6293 | D:6      | Noticed Grinder
  6304 | D:6      | Killed Grinder
  6305 | D:6      | Reached skill level 6 in Unarmed Combat
  6305 | D:6      | Reached XP level 8. HP: 34/66 MP: 13/17
  6381 | D:6      | Found a glowing drain.
  6400 | D:6      | Reached skill level 5 in Transmutations
  6494 | Sewer    | Entered a sewer
  7060 | D:6      | Reached skill level 1 in Evocations
  7551 | D:6      | Noticed monsoonserge's ghost (novice DrCj)
  7627 | D:6      | Reached skill level 7 in Unarmed Combat
  8188 | D:7      | Reached XP level 9. HP: 63/72 MP: 17/19
  9049 | D:8      | Noticed a two-headed ogre
  9126 | D:8      | Found a staircase to the Lair.
  9666 | D:8      | Reached skill level 5 in Fighting
  9867 | D:8      | Identified the +6 dagger "Kawkozi" {antimagic, Drain rC+
                  | rCorr Str+9}
 10232 | D:8      | Noticed a two-headed ogre
 10734 | D:4      | Reached skill level 5 in Spellcasting
 10771 | D:4      | Killed Prince Ribbit
 10896 | D:8      | Reached skill level 8 in Unarmed Combat
 11102 | D:8      | Reached skill level 1 in Armour
 11447 | D:9      | Reached XP level 10. HP: 64/81 MP: 21/21
 11634 | D:9      | Reached skill level 5 in Evocations
 11651 | D:9      | Noticed a red ugly thing
 11656 | D:9      | Noticed a manticore
 11672 | D:9      | HP: 4/81 [manticore (20)]
 11672 | D:9      | Slain by a manticore

Illustrated notes

Levels and vault maps discovered:
D:1:      shiori_arrival_whats_in_store_for_you, layout_basic,
          kennysheep_doodads, minmay_misc_feat_enclosed, minivault_5
D:2:      layout_basic, basic_altar, kennysheep_generic_room_14,
          uniq_crazy_yiuf_cottage, uniq_robin
D:3:      layout_loops_ring, roderic_roman_lattice, nrook_campfire,
          minmay_misc_feat_ornament
D:4:      layout_basic, minmay_temple_entry_tees, serial_shops,
          nicolae_shop_tiny_statue_garden
D:5:      layout_basic, nemelex_diamond_rough_becter, st_stairs_7, uniq_duvessa,
          uniq_prince_ribbit1
D:6:      layout_loops_ring, mainiacjoe_overflow_surrounded_room,
          mainiacjoe_overflow_alcove_2, serial_shops, nicolae_shop_tiny_glass,
          portal_sewer_entry_d, ebering_ghost_reflecting_pool,
          minmay_manual_mullet, uniq_grinder
D:7:      layout_basic
D:8:      layout_cave_pods, gammafunk_temple_overflow_pools, lair_entry_dummy,
          minivault_5
D:9:      layout_gridville, mainiacjoe_overflow_big_doors

Skill      XL: |  1  2  3  4  5  6  7  8  9 10 |
---------------+-------------------------------+-----
Fighting       | 1 2 3 4 5 |  5.4
Transmutations | 2 3 4 5 6 |  6.0
Unarmed Combat | 3 4 6 7 8 |  8.2
Spellcasting   | 2 3 4 5 |  5.2
Stealth        | 1 2 |  2.4
Evocations     | 2 4 5 |  5.0
Armour         | 1 2 |  2.1
Dodging        | |  1.7

Action                     |  1- 3 |  4- 6 |  7- 9 | 10-12 || total
---------------------------+-------+-------+-------+-------++-------
  Melee: Unarmed           |   159 |   212 |   426 |    20 ||   817
         Kick              |    34 |    57 |   104 |     6 ||   201
         Headbutt          |    11 |    39 |    71 |     3 ||   124
         Punch             |     2 |     6 |    16 |     3 ||    27
   Cast: Beastly Appendage |    26 |    37 |    53 |     3 ||   119
         Wereblood         |     3 |     3 |    16 |       ||    22
    Use: Scroll            |       |     4 |     3 |       ||     7
   Stab: Sleeping          |     1 |     1 |     3 |       ||     5
         Distracted        |       |     1 |       |       ||     1
 Armour: Robe              |    12 |       |   150 |       ||   162
         Leather armour    |    32 |    81 |     4 |       ||   117
         Scale mail        |       |       |    15 |     9 ||    24
  Dodge: Dodged            |   119 |   143 |   258 |    12 ||   532
